 Dungeon Crawl Stone Soup version 0.30-a0-269-gf0224bf7b6 (webtiles) character file.

Game seed: 16762758782623793030

1658 Iusername the Chopper (level 9, 0/79 HPs)
             Began as a Hill Orc Fighter on Oct 14, 2022.
             Killed by divine providence
             ... invoked by an orc priest
              (9 damage)
             ... on level 6 of the Dungeon.
             The game lasted 00:06:39 (4515 turns).

Iusername the Chopper (Hill Orc Fighter)            Turns: 4515, Time: 00:06:41

Health: 0/79       AC: 12    Str: 23    XL:     9   Next: 0%
Magic:  0/9        EV:  9    Int:  8    God:
Gold:   231        SH:  5    Dex: 10    Spells: 8/8 levels left

rFire   . . .      SeeInvis .    a - +0 war axe
rCold   . . .      Faith    .    c - +0 buckler
rNeg    . . .      Spirit   +    b - +0 scale mail
rPois   .          Reflect  .    p - +0 helmet
rElec   .          Harm     .    (no cloak)
rCorr   .          Rampage  .    w - +1 pair of gloves
Will    .....                    s - +0 pair of boots
Stlth   ..........               y - amulet of guardian spirit
HPRegen 0.33/turn                l - +4 ring of slaying
MPRegen 0.11/turn                (no ring)

@: no status effects
A: no striking features
a: Convert to Beogh


You were on level 6 of the Dungeon.
You visited 1 branch of the dungeon, and saw 6 of its levels.

You collected 231 gold pieces.

Inventory:

Hand Weapons
 a - a +0 war axe (weapon)
Missiles
 B - 3 javelins (quivered)
Armour
 b - a +0 scale mail (worn)
 c - a +0 buckler (worn)
 p - a +0 helmet (worn)
 s - a +0 pair of boots (worn)
 w - a +1 pair of gloves (worn)
Jewellery
 k - an amulet of regeneration
 l - a +4 ring of slaying (left hand)
 m - a ring of protection from fire
 r - a ring of ice
 v - a ring of willpower
 y - an amulet of guardian spirit (around neck)
Wands
 d - a wand of iceblast (9)
Scrolls
 e - a scroll of immolation {unknown}
 f - a scroll of enchant weapon {unknown}
 g - a scroll of magic mapping
 j - a scroll of noise {unknown}
 o - 3 scrolls of poison
 q - a scroll of teleportation
 u - a scroll of amnesia {unknown}
Potions
 h - 2 potions of brilliance
 i - 2 potions of flight
 n - 2 potions of lignification
 t - a potion of haste {unknown}
 x - a potion of resistance {unknown}
 A - a potion of mutation {unknown}


   Skills:
 + Level 7.6 Fighting
 + Level 7.6 Axes
 + Level 6.9 Armour
 + Level 6.9 Shields


You had 8 spell levels left.
You didn't know any spells.
Your spell library contained the following spells:

 Spells                   Type           Power      Damage    Failure   Level
 Ensorcelled Hibernation  Hex/Ice        0%         N/A       88%         2
 Spider Form              Tmut/Pois      0%         N/A       98%         3
 Anguish                  Hex/Necr       0%         N/A       100%        4


Dungeon Overview and Level Annotations

Branches:
Dungeon (6/15)             Temple (0/1) D:5

Altars:
Ashenzari
Cheibriados
Hepliaklqana
Nemelex Xobeh
Wu Jian

Shops:
D:1 (   D:2 =


Message History

You have reached level 9!
Your experience leads to an increase in your attributes!
Increase (S)trength, (I)ntelligence, or (D)exterity?
You feel stronger. x2
You hit the bullfrog but do no damage.
The bullfrog hits you but does no damage.
The howler monkey hoots and howls with incredible vigour!
The bullfrog hits you but does no damage.
You hear an angry hiss.
You hear a shout!
You barely miss the bullfrog. The bullfrog misses you.
The bullfrog closely misses you.
The howler monkey hoots and howls with incredible vigour!
The orc priest shouts, "Beogh is our master!
Accept the truth or die!"
You barely miss the bullfrog.
The orc priest calls down the wrath of Beogh upon you.
Beogh smites you!
* * * LOW HITPOINT WARNING * * *
The bullfrog hits you but does no damage.
You hit the bullfrog.
The bullfrog is lightly wounded.
The bullfrog barely misses you.
A necrophage comes into view.
The bullfrog hits you.
* * * LOW HITPOINT WARNING * * *
You feel better.
The bullfrog hits you but does no damage.
The orc priest invokes the aid of Beogh against you.
Beogh smites you!
* * * LOW HITPOINT WARNING * * *
You block the bullfrog's attack.
You closely miss the bullfrog.
The bullfrog is lightly wounded.
The bullfrog hits you but does no damage.
You closely miss the bullfrog.
The bullfrog is lightly wounded.
You block the bullfrog's attack. The bullfrog hits you.
* * * LOW HITPOINT WARNING * * *
The orc priest mumbles some strange prayers to Beogh against you.
Beogh smites you!
You die...

.......# ........
#.....# #....n# #
.....# .## ...#
#..>
#.###########....
#.@Fco...<......#
####oo..)!......#
#o.....†.......
#..............
#..............
#?.............
#..............
##............#
##..........##


You could see a necrophage, a bullfrog, a centaur, 2 orc priests and an orc.

Vanquished Creatures
  The ghost of SprigganGuy the Sneak, a novice VSBr of Wu Jian (D:4)
  Grinder (D:3)
  A steam dragon (D:4)
  A black bear (D:5)
  2 ogres
  2 phantoms (D:5)
  A bullfrog (D:6)
  A howler monkey (D:5)
  3 hounds
  An orc priest (D:4)
  Jessica (D:2)
  Ijyb (D:3)
  5 iguanas
  2 orc wizards
  Robin (D:2)
  8 adders
  4 gnolls (D:5)
  An ufetubus (D:4)
  5 worms
  4 orcs
  3 ball pythons
  4 endoplasms
  2 giant cockroaches (D:4)
  14 hobgoblins
  7 jackals
  3 quokkas
  6 bats
  A frilled lizard (D:2)
  15 goblins
  10 kobolds
  2 rats
113 creatures vanquished.

Vanquished Creatures (others)
  A plant (D:2)
1 creature vanquished.

Grand Total: 114 creatures vanquished

Notes
Turn   | Place    | Note
-------+----------+-------------------------------------------
     0 | D:1      | Iusername the Hill Orc Fighter began the quest for the Orb.
     0 | D:1      | Reached XP level 1. HP: 19/19 MP: 1/1
    38 | D:1      | Found Ful Uhoa's Antique Weapon Emporium.
   240 | D:1      | Reached XP level 2. HP: 27/27 MP: 2/2
   907 | D:2      | Identified the +2 helmet "Yshrad" {rC+ MP+9}
   907 | D:2      | Noticed Robin
   924 | D:2      | Reached XP level 3. HP: 29/33 MP: 3/3
   929 | D:2      | Killed Robin
  1189 | D:2      | Reached XP level 4. HP: 40/40 MP: 4/4
  1294 | D:2      | Found Muusehu's Jewellery Emporium.
  1310 | D:2      | Noticed Jessica
  1318 | D:2      | Killed Jessica
  1866 | D:3      | Found a faded altar of an unknown god.
  1888 | D:3      | Reached XP level 5. HP: 47/47 MP: 5/5
  2173 | D:3      | Found a glowing drain.
  2202 | D:3      | Noticed Grinder
  2215 | D:3      | Paralysed by Grinder for 4 turns
  2221 | D:3      | Killed Grinder
  2222 | D:3      | Reached skill level 5 in Fighting
  2222 | D:3      | Reached XP level 6. HP: 12/56 MP: 6/6
  2364 | D:3      | Noticed Ijyb
  2367 | D:3      | Killed Ijyb
  2368 | D:3      | Reached skill level 5 in Axes
  2573 | D:4      | Found a broken altar of Ashenzari.
  2598 | D:4      | Reached skill level 5 in Shields
  2599 | D:4      | Reached skill level 5 in Armour
  2599 | D:4      | Reached XP level 7. HP: 28/61 MP: 7/7
  2744 | D:4      | Found a sparkling altar of Nemelex Xobeh.
  2788 | D:4      | Found a snail-covered altar of Cheibriados.
  2805 | D:4      | Found a runed translucent gate.
  2805 | D:4      | Found a runed translucent gate.
  2805 | D:4      | Found a runed translucent gate.
  2805 | D:4      | Noticed SprigganGuy's ghost (novice VSBr)
  2939 | D:4      | Noticed a steam dragon
  2950 | D:4      | Killed a steam dragon
  3533 | D:4      | Found an ornate altar of the Wu Jian Council.
  3744 | D:4      | Killed SprigganGuy's ghost
  3745 | D:4      | Reached XP level 8. HP: 71/71 MP: 8/8
  3764 | D:5      | Entered Level 5 of the Dungeon
  4063 | D:5      | Found a staircase to the Ecumenical Temple.
  4204 | D:5      | Found a hazy altar of Hepliaklqana.
  4509 | D:6      | Reached XP level 9. HP: 28/79 MP: 5/9
  4515 | D:6      | Killed from afar by an orc priest

Illustrated notes

Levels and vault maps discovered:
D:1:      psy_arrival_wood_between_worlds, layout_basic, serial_shops, shop
D:2:      layout_loops_ring, serial_shops, nicolae_shop_trees,
          serial_bayou_pond_d, nicolae_elevator_lobby_plus, uniq_robin,
          uniq_jessica
D:3:      layout_loops_cross, hellmonk_ecumenical_altar_crossroads,
          portal_sewer_entry_d, hangedman_decor_points, uniq_grinder, uniq_ijyb
D:4:      minmay_thick_lines, layout_cave_pools, ashenzari_conservatory_becter,
          mainiacjoe_overflow_small_starburst, lemuel_round_altar,
          mainiacjoe_overflow_six_doors_small, serial_glass, glass_columns_c,
          glass_columns_a, item_on_display_a, feat_on_display,
          due_unseen_surprise, ebering_ghost_rock_garden
D:5:      layout_gridville, kennysheep_mini, minmay_temple_entry_waves,
          grunt_decor_mini_mirrors
D:6:      layout_rooms, nicolae_overflow_hidden_temple,
          makhleb_altar_promises_db, mainiacjoe_overflow_cross_hatched

Skill      XL: |  1  2  3  4  5  6  7  8 |
---------------+-------------------------+-----
Axes           | 3 4 5 6 7 |  7.6
Fighting       | 4 5 6 7 |  7.6
Armour         | 4 5 6 |  6.9
Shields        | 4 5 6 |  6.9

Action                   |  1- 3 |  4- 6 |  7- 9 || total
-------------------------+-------+-------+-------++-------
Melee: War axe           |    83 |    80 |   150 ||   313
  Use: Scroll            |     1 |     4 |     2 ||     7
       Potion            |       |     3 |     2 ||     5
Armor: Scale mail        |    37 |    27 |    83 ||   147
Dodge: Dodged            |    24 |    41 |    65 ||   130
Block: Buckler           |    16 |    17 |    38 ||    71

Table legend: (Time is in decaauts)
 A = Elapsed time spent in this place.
 B = Non-inter-level travel time spent in this place.
 C = Inter-level travel time spent in this place.
 D = Time resting spent in this place.
 E = Time spent auto-exploring this place.
 F = Levels seen in this place.
 G = Mean time per level.
                   A        B        C        D        E       F      G
               +--------+--------+--------+--------+--------+-----+--------+
         Total |   4614 |   4439 |    175 |    845 |   2776 |   6 |  769.0 |
       Dungeon |   4614 |   4439 |    175 |    845 |   2776 |   6 |  769.0 |
               +--------+--------+--------+--------+--------+-----+--------+

Top non-repeatable levels by time:
     D:4: 1252 daAuts
     D:2: 944 daAuts
     D:1: 862 daAuts
     D:3: 790 daAuts
     D:5: 724 daAuts
     D:6: 40 daAuts
